[Event "Titled Tuesday Blitz May 16 Late 2023"]
[White "Naroditsky, Daniel"]
[Black "Golubev, Mikhail"]
[WhiteFideId "2026961"]
[BlackFideId "14100983"]
[WhiteElo "2633"]
[BlackElo "2374"]
[Result "1-0"]
[Round "01"]
[TimeControl "180+2"]
[Date "2023.05.16"]
[WhiteClock "0:00:50"]
[BlackClock "0:00:00"]

1. d4 Nf6 2. Nc3 d6 3. e4 g6 4. Be2 Bg7 5. Nf3 O-O 6. O-O Bg4 7. Be3 Nc6 8. d5 Bxf3 9. Bxf3 Ne5 10. Be2 c6 11. a4 cxd5 12. exd5 Ned7 13. a5 a6 14. Bd4 Rc8 15. Qd2 Nc5 16. Bf3 Nfd7 17. Bxg7 Kxg7 18. Rfe1 Nf6 19. Qd4 Nd7 20. Be2 Qc7 21. Bf1 Rfe8 22. h3 Qc5 23. Qd2 Ne5 24. Ra4 h5 25. Kh1 e6 26. dxe6 Rxe6 27. Rd1 Rce8 28. Qd4 Nc6 29. Qd2 d5 30. Bd3 d4 31. Ne2 1-0


[Site "https://www.chess.com"]

[Event "Titled Tuesday Blitz May 16 Late 2023"]
[White "Ilkhomi, Jaloliddin"]
[Black "Carlsen, Magnus"]
[WhiteFideId "14700948"]
[BlackFideId "1503014"]
[WhiteElo "2045"]
[BlackElo "2852"]
[Result "0-1"]
[Round "01"]
[TimeControl "180+2"]
[Date "2023.05.16"]
[WhiteClock "0:00:00"]
[BlackClock "0:01:36"]

1. Nf3 c5 2. c4 Nc6 3. Nc3 e5 4. d3 g6 5. g3 Bg7 6. Bg2 Nge7 7. O-O O-O 8. a3 d6 9. Rb1 a5 10. Ne1 Be6 11. Nc2 d5 12. cxd5 Nxd5 13. Nxd5 Bxd5 14. Bxd5 Qxd5 15. b4 cxb4 16. axb4 a4 17. b5 Nd4 18. Ba3 Rfc8 19. Nxd4 exd4 20. Qd2 Rc3 21. Bb4 Rcc8 22. Rfc1 h5 23. Ba3 h4 24. gxh4 Rc3 25. Bb4 Rxc1+ 26. Qxc1 Qxb5 27. Ba3 Qe5 28. Rxb7 Qxe2 29. Qf4 Qe6 30. Re7 Qb3 31. Qe4 Rc8 32. Re8+ Rxe8 33. Qxe8+ Kh7 34. Qe7 Qxd3 35. h5 gxh5 36. Bc5 Qf5 37. Bd6 d3 38. Qe3 Qg6+ 39. Bg3 a3 40. Qd2 h4 0-1


[Site "https://www.chess.com"]

[Event "Titled Tuesday Blitz May 16 Late 2023"]
[White "Mekhane, Adam"]
[Black "Caruana, Fabiano"]
[WhiteFideId "36050601"]
[BlackFideId "2020009"]
[WhiteElo "2177"]
[BlackElo "2837"]
[Result "0-1"]
[Round "01"]
[TimeControl "180+2"]
[Date "2023.05.16"]
[WhiteClock "0:00:00"]
[BlackClock "0:00:43"]

1. e4 e5 2. Nf3 Nc6 3. Bb5 a6 4. Ba4 Nf6 5. O-O b5 6. Bb3 Bc5 7. c3 d6 8. a4 Rb8 9. d4 Bb6 10. a5 Ba7 11. h3 O-O 12. Be3 Ra8 13. Nbd2 h6 14. Qe2 Re8 15. Rfd1 Bd7 16. d5 Ne7 17. Nf1 Ng6 18. Ng3 Nf4 19. Qd2 g5 20. Bxa7 Rxa7 21. c4 Qe7 22. Rac1 Rb8 23. Qc3 Nxe4 24. Qe3 Nc5 25. Ba2 bxc4 26. Bxc4 Rxb2 27. Bf1 f6 28. Ne4 Rb3 29. Rc3 Rxc3 30. Nxc3 Rb7 31. Ne4 Rb3 32. Qe1 Ncd3 33. Qe3 Bb5 34. Ned2 Rb4 35. g3 Nxd5 36. Qa7 Nc3 37. Qa8+ Kg7 38. Ra1 e4 39. Ne1 Nxf2 40. Kxf2 e3+ 41. Kg2 exd2 42. Nf3 Rb2 0-1


[Site "https://www.chess.com"]

[Event "Titled Tuesday Blitz May 16 Late 2023"]
[White "Mamedyarov, Shakhriyar"]
[Black "Blitz"]
[WhiteFideId "13401319"]
[WhiteElo "2704"]
[BlackElo "2518"]
[Result "1-0"]
[Round "01"]
[TimeControl "180+2"]
[Date "2023.05.16"]
[WhiteClock "0:01:29"]
[BlackClock "0:00:00"]

1. d4 d5 2. c4 c6 3. Nf3 Nf6 4. Qb3 e6 5. Bg5 Be7 6. e3 Nbd7 7. Nc3 O-O 8. Rc1 Re8 9. h3 b6 10. cxd5 exd5 11. Bd3 Bb7 12. O-O h6 13. Bf4 Rc8 14. Rfd1 Nf8 15. Ne5 Bd6 16. Bb1 Qe7 17. Qa4 a6 18. Ne2 Qc7 19. Qc2 N8d7 20. Ng4 Bxf4 21. Nxf4 Ne4 22. f3 Ng5 23. h4 Ne6 24. Qh7+ Kf8 25. Nh5 Qd6 26. Bf5 c5 27. Bxe6 Qxe6 28. Nxg7 Qg6 29. Qh8+ Ke7 30. Nxe8 Rxe8 31. Qxh6 1-0


[Site "https://www.chess.com"]

[Event "Titled Tuesday Blitz May 16 Late 2023"]
[White "Grycel, Kamil"]
[Black "Deac, Bogdan-Daniel"]
[WhiteFideId "1115499"]
[BlackFideId "1226380"]
[WhiteElo "2518"]
[BlackElo "2649"]
[Result "0-1"]
[Round "01"]
[TimeControl "180+2"]
[Date "2023.05.16"]
[WhiteClock "0:00:20"]
[BlackClock "0:01:15"]

1. d4 f5 2. h3 d6 3. g4 fxg4 4. hxg4 Bxg4 5. Qd3 Nf6 6. Bg2 d5 7. Bg5 Qd7 8. Nc3 Bf5 9. Qg3 e6 10. O-O-O Nc6 11. Nb5 O-O-O 12. Bf4 Nb4 13. Nxc7 Qa4 14. Qb3 Nxa2+ 15. Kb1 Qxb3 0-1


[Site "https://www.chess.com"]

[Event "Titled Tuesday Blitz May 16 Late 2023"]
[White "Martinez Alcantara, Jose Eduardo"]
[Black "Reprintsev, Alexander"]
[WhiteFideId "3805662"]
[BlackFideId "14100541"]
[WhiteElo "2711"]
[BlackElo "2218"]
[Result "1/2-1/2"]
[Round "01"]
[TimeControl "180+2"]
[Date "2023.05.16"]
[WhiteClock "0:00:29"]
[BlackClock "0:00:16"]

1. e4 d5 2. exd5 Qxd5 3. Nc3 Qa5 4. Nf3 Nf6 5. Bc4 Nc6 6. h3 Ne5 7. Bb5+ c6 8. Nxe5 cxb5 9. Qe2 a6 10. O-O e6 11. b3 Be7 12. Bb2 O-O 13. a4 b4 14. Nd1 Qc7 15. Ne3 b6 16. d3 Bb7 17. f4 Rac8 18. Rac1 Nd5 19. Nxd5 Bxd5 20. Ng4 f6 21. Kh1 Bd6 22. Qf2 Qb7 23. Qg3 Kh8 24. Rf2 Rc7 25. Re1 Qc8 26. Ree2 Qd7 27. Ne3 Ba8 28. Nc4 Bc5 29. Rf1 b5 30. axb5 axb5 31. Nd2 Bd4 32. Bxd4 Qxd4 33. Nf3 Bxf3 34. Qxf3 Rfc8 35. Rff2 h6 36. Kh2 Qd6 37. Qg4 Rc6 38. h4 R8c7 39. h5 Rc5 40. Rxe6 Rxh5+ 41. Kg3 Qd7 42. Re4 Qxg4+ 43. Kxg4 Rhc5 44. Rxb4 Rxc2 45. Rxc2 Rxc2 46. g3 Rc3 47. d4 Rd3 48. Kf5 Rxg3 49. d5 Rd3 50. Ke6 g5 51. f5 Kg7 52. Rxb5 Re3+ 53. Kd7 g4 54. d6 g3 55. Rd5 g2 56. Rd1 h5 57. Rg1 Re2 58. Kc6 Rc2+ 59. Kb7 Rd2 1/2-1/2


[Site "https://www.chess.com"]

[Event "Titled Tuesday Blitz May 16 Late 2023"]
[White "Hajiyev, Kanan"]
[Black "Andreikin, Dmitry"]
[WhiteFideId "13404148"]
[BlackFideId "4158814"]
[WhiteElo "2103"]
[BlackElo "2736"]
[Result "0-1"]
[Round "01"]
[TimeControl "180+2"]
[Date "2023.05.16"]
[WhiteClock "0:00:00"]
[BlackClock "0:01:45"]

1. d4 Nf6 2. Nf3 g6 3. g3 c5 4. c3 b6 5. Bg2 Bb7 6. O-O Bg7 7. Bg5 O-O 8. Qc1 cxd4 9. cxd4 Na6 10. Bh6 Rc8 11. Nc3 Ne4 12. Bxg7 Kxg7 13. Qe3 Nxc3 14. bxc3 d6 15. h4 Nc7 16. c4 Ne8 17. Rac1 Nf6 18. d5 Ba6 19. Qd4 Qc7 20. g4 Kg8 21. Nd2 Qc5 22. Qf4 Qa5 23. Rc2 Qa4 24. Rfc1 b5 25. Bf3 bxc4 26. g5 Nd7 27. Nxc4 Ne5 28. h5 Rxc4 29. Rxc4 Bxc4 30. h6 Qxa2 31. Qd4 Rb8 32. Kh2 Qb2 33. Rxc4 Nxc4 34. Qxc4 Qe5+ 35. Kg2 Qxg5+ 36. Bg4 Qxh6 37. Qc7 Re8 38. Qd7 Kf8 0-1


[Site "https://www.chess.com"]

[Event "Titled Tuesday Blitz May 16 Late 2023"]
[White "Bluebaum, Matthias"]
[Black "Becerra, Juan David"]
[WhiteFideId "24651516"]
[BlackFideId "4404998"]
[WhiteElo "2639"]
[BlackElo "2304"]
[Result "1-0"]
[Round "01"]
[TimeControl "180+2"]
[Date "2023.05.16"]
[WhiteClock "0:02:15"]
[BlackClock "0:00:00"]

1. d4 Nf6 2. c4 c5 3. d5 e6 4. Nc3 exd5 5. cxd5 d6 6. Nf3 a6 7. a4 g6 8. Bg5 Bg7 9. Nd2 Nbd7 10. e4 h6 11. Bh4 O-O 12. Be2 Qc7 13. O-O Re8 14. f4 c4 15. Bxc4 Nxe4 16. Ncxe4 Rxe4 17. Nxe4 Qxc4 18. Re1 Bxb2 19. Rb1 Bg7 20. Kh1 Bf8 21. a5 Qc7 22. Qd2 f5 23. Rbc1 Qb8 24. Nf6+ Nxf6 25. Bxf6 Bd7 26. Bb2 Qd8 27. Qd4 Kf7 28. Qh8 1-0


[Site "https://www.chess.com"]

[Event "Titled Tuesday Blitz May 16 Late 2023"]
[White "Estrada Nieto, Julian"]
[Black "Bortnyk, Olexandr"]
[WhiteFideId "5101018"]
[BlackFideId "14120828"]
[WhiteElo "2161"]
[BlackElo "2734"]
[Result "0-1"]
[Round "01"]
[TimeControl "180+2"]
[Date "2023.05.16"]
[WhiteClock "0:00:00"]
[BlackClock "0:01:29"]

1. e4 Nf6 2. e5 Nd5 3. d4 d6 4. Nf3 dxe5 5. Nxe5 c6 6. Bc4 Nd7 7. Nf3 N7f6 8. O-O Bg4 9. h3 Bh5 10. g4 Bg6 11. Ne5 e6 12. f4 Bd6 13. Nc3 Nxc3 14. bxc3 Bxe5 15. fxe5 Nd5 16. Qf3 h5 17. g5 Qa5 18. Bd2 O-O 19. Bd3 Rad8 20. Bxg6 fxg6 21. Qd3 Ne7 22. c4 Qb6 23. Rxf8+ Kxf8 24. c3 Kg8 25. Rb1 Qa6 26. Bc1 b6 27. Qe2 c5 28. Be3 Nd5 29. Bd2 Qxa2 30. Rf1 Nxc3 31. Qf2 Qxc4 32. Qf7+ Kh7 33. Bxc3 Qxc3 34. Qxe6 Qg3+ 35. Kh1 Rxd4 36. Qc8 Rd2 0-1


[Site "https://www.chess.com"]

[Event "Titled Tuesday Blitz May 16 Late 2023"]
[White "Sarana, Alexey"]
[Black "Perske, Thore"]
[WhiteFideId "24133795"]
[BlackFideId "12902195"]
[WhiteElo "2714"]
[BlackElo "2336"]
[Result "1-0"]
[Round "01"]
[TimeControl "180+2"]
[Date "2023.05.16"]
[WhiteClock "0:01:05"]
[BlackClock "0:00:02"]

1. c4 Nf6 2. Nc3 g6 3. e4 d6 4. d4 Bg7 5. Bd3 O-O 6. Nge2 Nbd7 7. f3 e5 8. d5 a5 9. Be3 Nh5 10. Qd2 Nc5 11. Bc2 Qh4+ 12. g3 Qe7 13. O-O-O Bd7 14. g4 Nf4 15. Nxf4 exf4 16. Bxf4 a4 17. Bh6 a3 18. b3 Bh8 19. Bxf8 Kxf8 20. f4 Qf6 21. e5 dxe5 22. g5 Qxf4 23. Rhf1 Qxd2+ 24. Rxd2 Ke7 25. Rdf2 Rf8 26. h4 Bg7 27. Ne4 Nxe4 28. Bxe4 f5 29. gxf6+ Rxf6 30. Kc2 b6 31. b4 Rxf2+ 32. Rxf2 Bf6 33. Rh2 Bf5 34. Kd3 Kd6 35. h5 Bg5 36. hxg6 hxg6 37. Rh7 Be7 38. Rg7 b5 39. c5+ 1-0


[Site "https://www.chess.com"]

[Event "Titled Tuesday Blitz May 16 Late 2023"]
[White "Mirimanian, Hayk"]
[Black "Lazavik, Denis"]
[WhiteFideId "4700180"]
[BlackFideId "13515110"]
[WhiteElo "2280"]
[BlackElo "2560"]
[Result "1-0"]
[Round "01"]
[TimeControl "180+2"]
[Date "2023.05.16"]
[WhiteClock "0:01:28"]
[BlackClock "0:00:47"]

1. e4 c5 2. Nf3 e6 3. b3 Nc6 4. Bb2 a6 5. c4 Qc7 6. Nc3 Nf6 7. g3 d6 8. Bg2 e5 9. O-O Be7 10. Nd5 Qd8 11. Ne1 O-O 12. Nc2 Nxd5 13. cxd5 Nd4 14. f4 f5 15. Nxd4 cxd4 16. d3 fxe4 17. dxe4 Bd7 18. Rc1 Qb6 19. Kh1 Rac8 20. Qh5 Bf6 21. Bh3 Rxc1 22. Rxc1 Bxh3 23. Qxh3 d3 24. Qe6+ Kh8 25. Rc8 Rd8 26. Qe8+ 1-0


[Site "https://www.chess.com"]

[Event "Titled Tuesday Blitz May 16 Late 2023"]
[White "Makarian, Rudik"]
[Black "WindWhistler11"]
[WhiteFideId "44105681"]
[WhiteElo "2461"]
[BlackElo "2509"]
[Result "1-0"]
[Round "01"]
[TimeControl "180+2"]
[Date "2023.05.16"]
[WhiteClock "0:01:18"]
[BlackClock "0:00:02"]

1. d4 Nf6 2. c4 e6 3. Nf3 b6 4. g3 Ba6 5. Nbd2 c5 6. Bg2 Nc6 7. d5 Na5 8. O-O d6 9. dxe6 fxe6 10. Ng5 Ke7 11. Bxa8 Qxa8 12. Qc2 Nc6 13. Ngf3 g5 14. Ne4 g4 15. Bg5 Bg7 16. Nxf6 Bxf6 17. Bxf6+ Kxf6 18. Qc3+ e5 19. Nh4 Nd4 20. Rae1 b5 21. f4 e4 22. e3 b4 23. Qd2 Bxc4 24. exd4 Bxf1 25. Rxf1 Qd5 26. Rd1 c4 27. f5 h5 28. Ng2 Qxf5 29. Rf1 1-0


[Site "https://www.chess.com"]

[Event "Titled Tuesday Blitz May 16 Late 2023"]
[White "Ismayil, Malak"]
[Black "Zhigalko, Sergei"]
[WhiteFideId "13412604"]
[BlackFideId "13502956"]
[WhiteElo "1868"]
[BlackElo "2626"]
[Result "0-1"]
[Round "01"]
[TimeControl "180+2"]
[Date "2023.05.16"]
[WhiteClock "0:00:00"]
[BlackClock "0:00:13"]

1. e4 c5 2. Nf3 Nc6 3. Bb5 Nf6 4. Bxc6 dxc6 5. d3 Bg4 6. Be3 Nd7 7. h3 Bh5 8. Nbd2 Qc7 9. Qe2 e5 10. g4 Bg6 11. Nh4 O-O-O 12. O-O-O f6 13. Rhf1 Bf7 14. Kb1 Qa5 15. Nb3 Qa4 16. c4 b6 17. Qc2 g6 18. Nf3 Be7 19. Ng1 h5 20. Ne2 Be6 21. Nc3 Qa6 22. f3 Nf8 23. a4 Bd7 24. Ka2 Ne6 25. Ra1 Nd4 26. Qd1 hxg4 27. hxg4 Be6 28. Bxd4 cxd4 29. Ne2 Rh2 30. Kb1 Rdh8 31. Nbc1 Qa5 32. Qc2 Rg2 33. Rg1 Rf2 34. f4 exf4 35. Qd1 Rhh2 36. Ra2 Qe5 37. Re1 Bb4 38. Rg1 f3 39. Ng3 Bxg4 40. Qb3 a5 41. Qd1 Rfg2 42. Rxg2 Rxg2 43. Nf1 f2 44. Qc2 c5 45. Nb3 Qf4 46. Ra1 Qf3 47. Ka2 Qe2 48. Nbd2 Rg1 49. Qc1 Bh3 50. Nh2 Rxc1 0-1


[Site "https://www.chess.com"]

[Event "Titled Tuesday Blitz May 16 Late 2023"]
[White "Hakobyan, Aram"]
[Black "Stork, Oliver"]
[WhiteFideId "13306677"]
[BlackFideId "12955728"]
[WhiteElo "2584"]
[BlackElo "2239"]
[Result "1-0"]
[Round "01"]
[TimeControl "180+2"]
[Date "2023.05.16"]
[WhiteClock "0:00:33"]
[BlackClock "0:01:10"]

1. d4 Nf6 2. c4 e6 3. Nc3 Bb4 4. e3 O-O 5. a3 Bxc3+ 6. bxc3 Nc6 7. Ne2 b6 8. Ng3 Na5 9. Bd3 Ba6 10. Qe2 c5 11. e4 Ne8 12. d5 f5 13. exf5 exd5 14. cxd5 Bxd3 15. Qxd3 c4 16. Qc2 Nb3 17. Rb1 Nxc1 18. Rxc1 Qe7+ 19. Qe2 Qxe2+ 20. Kxe2 Nd6 21. Rhd1 Rae8+ 22. Kf1 Nxf5 23. Nxf5 Rxf5 24. Rd4 Rc8 25. a4 d6 26. g4 Re5 27. Re1 Rxe1+ 28. Kxe1 a6 29. Re4 Kf7 30. Re6 Rd8 31. f4 b5 32. axb5 axb5 33. Kd2 Ra8 34. Rxd6 Ra2+ 35. Ke3 Rxh2 36. Rd7+ Kf6 37. g5+ Kg6 38. d6 Rh3+ 39. Kd4 Rd3+ 40. Kc5 Rxc3 41. Kxb5 Rc1 42. Rd8 c3 43. Kc4 c2 44. Kc3 Rd1 45. Kxc2 Rd5 46. Kc3 Kf7 47. Kc4 Rd1 48. Kc5 Rc1+ 49. Kd5 Rd1+ 50. Kc6 h6 51. gxh6 gxh6 52. Rh8 Rd4 53. d7 Ke7 54. Re8+ 1-0


[Site "https://www.chess.com"]

[Event "Titled Tuesday Blitz May 16 Late 2023"]
[White "Sliwicki, Damian"]
[Black "Rustemov, Alexander"]
[WhiteFideId "1127128"]
[BlackFideId "4119002"]
[WhiteElo "2030"]
[BlackElo "2982"]
[Result "0-1"]
[Round "01"]
[TimeControl "180+2"]
[Date "2023.05.16"]
[WhiteClock "0:00:02"]
[BlackClock "0:00:18"]

1. e4 e6 2. d4 d5 3. exd5 exd5 4. Nf3 Bf5 5. Bd3 Bxd3 6. Qxd3 Nc6 7. O-O Bd6 8. c4 dxc4 9. Qe2+ Nge7 10. Nbd2 O-O 11. Nxc4 Ng6 12. Bg5 Qd7 13. Nce5 Nxd4 14. Nxd7 Nxe2+ 15. Kh1 Rfe8 16. g3 h6 17. Bxh6 Rad8 18. Be3 Rxd7 19. Rae1 Nxg3+ 20. hxg3 Rde7 21. Rd1 Bxg3 22. Bc5 Bd6 23. Bxd6 cxd6 24. Rxd6 Nf4 25. Ng5 f6 26. Nf3 Kf7 27. Rfd1 g5 28. Kh2 Kg6 29. Kg3 Re2 30. Nh4+ Kf7 31. Nf5 R2e5 32. Rd7+ Kg6 33. Ne3 R8e7 34. R1d6 Kf7 35. Ng4 Re6 36. Nh6+ Kg6 37. Ng4 Nh5+ 38. Kg2 Kf7 39. Nh6+ Kg6 40. Ng4 Rxd6 41. Rxd6 Nf4+ 42. Kg3 Nh5+ 43. Kg2 b6 44. f3 Re2+ 45. Kh3 Rxb2 46. Ne5+ Kf5 47. Ng4 Nf4+ 48. Kg3 Rg2# 0-1


[Site "https://www.chess.com"]

[Event "Titled Tuesday Blitz May 16 Late 2023"]
[White "Paravyan, David"]
[Black "Kozlov, Gennady"]
[WhiteFideId "4194985"]
[BlackFideId "4191668"]
[WhiteElo "2563"]
[BlackElo "2356"]
[Result "1/2-1/2"]
[Round "01"]
[TimeControl "180+2"]
[Date "2023.05.16"]
[WhiteClock "0:00:06"]
[BlackClock "0:00:10"]

1. d4 e6 2. e4 d5 3. Nc3 Nf6 4. e5 Nfd7 5. f4 c5 6. Nf3 Nc6 7. Be3 Qb6 8. Na4 Qa5+ 9. c3 cxd4 10. b4 Nxb4 11. cxb4 Bxb4+ 12. Bd2 Bxd2+ 13. Nxd2 O-O 14. Bd3 b5 15. Nb2 Qc3 16. Qb1 Nc5 17. Bxh7+ Kh8 18. Bd3 f6 19. Ke2 fxe5 20. Rc1 Qa3 21. fxe5 Ba6 22. Rxc5 Qxc5 23. Qe1 Rf4 24. Qg3 Raf8 25. Qh3+ Kg8 26. Qxe6+ R8f7 27. Rf1 Rxf1 28. Nxf1 Bc8 29. Qe8+ Qf8 30. Qxf8+ Kxf8 31. h3 Re7 32. Kd2 a6 33. Nh2 Rxe5 34. Nf3 Re3 35. Nd1 Re7 36. Nxd4 b4 37. Ne3 Rf7 38. Ke1 a5 39. Nc6 d4 40. Nc2 Bb7 41. Nxa5 Bxg2 42. Nxd4 Bxh3 43. Nac6 Rd7 44. Bb5 Bg2 45. Kf2 Bxc6 46. Nxc6 Rd2+ 47. Be2 Rxa2 48. Nxb4 Rb2 49. Nd3 Rb6 50. Ne1 g5 51. Nf3 g4 52. Ne5 g3+ 53. Kxg3 Re6 54. Kf4 Rxe5 55. Kxe5 1/2-1/2


[Site "https://www.chess.com"]

[Event "Titled Tuesday Blitz May 16 Late 2023"]
[White "Ollier, Pablo"]
[Black "Svane, Frederik"]
[WhiteFideId "652318"]
[BlackFideId "12923044"]
[WhiteElo "2501"]
[BlackElo "2502"]
[Result "0-1"]
[Round "01"]
[TimeControl "180+2"]
[Date "2023.05.16"]
[WhiteClock "0:00:00"]
[BlackClock "0:01:43"]

1. d4 Nf6 2. c4 e6 3. Nc3 Bb4 4. e3 b6 5. Ne2 Ne4 6. Qc2 Bb7 7. a3 Bxc3+ 8. Nxc3 Nxc3 9. Qxc3 d6 10. b4 a5 11. Bb2 O-O 12. h4 Qe7 13. f3 f5 14. Bd3 Nd7 15. c5 axb4 16. axb4 Rxa1+ 17. Bxa1 dxc5 18. dxc5 bxc5 19. bxc5 Nxc5 20. Bc4 Bd5 21. Bxd5 exd5 22. Kf2 Ne6 23. Qe5 c6 24. h5 h6 25. Rh3 f4 26. exf4 Qa7+ 27. Kf1 Nxf4 28. Rg3 Nxh5 29. Qxh5 Qxa1+ 30. Kf2 Qd4+ 31. Kf1 Ra8 0-1


[Site "https://www.chess.com"]

[Event "Titled Tuesday Blitz May 16 Late 2023"]
[White "Rasulov, Vugar"]
[Black "Karas, Marek"]
[WhiteFideId "13402390"]
[BlackFideId "14928558"]
[WhiteElo "2509"]
[BlackElo "2233"]
[Result "1-0"]
[Round "01"]
[TimeControl "180+2"]
[Date "2023.05.16"]
[WhiteClock "0:01:45"]
[BlackClock "0:00:00"]

1. Nf3 Nf6 2. c4 e6 3. Nc3 d5 4. e3 b6 5. cxd5 Nxd5 6. d4 Be7 7. Bb5+ c6 8. Bd3 O-O 9. O-O Bb7 10. Nxd5 cxd5 11. Bd2 Nc6 12. Rc1 Rc8 13. Qa4 a5 14. a3 Nb8 15. Rxc8 Bxc8 16. Rc1 Bd7 17. Qc2 Bd6 18. Bxh7+ Kh8 19. Bd3 Qf6 20. Ne5 Bxe5 21. dxe5 Qxe5 22. Bc3 Qd6 23. Qe2 f5 24. Qh5+ Kg8 25. Qg5 Rf7 26. h4 Nc6 27. h5 Qe7 28. Qg6 Kf8 29. h6 gxh6 30. Qxh6+ Ke8 31. Bb5 Nb8 32. a4 Bxb5 33. axb5 Nd7 34. Bd4 Nc5 35. Qf4 Qc7 36. Be5 Qe7 37. Bd6 Qf6 38. Bxc5 Qxb2 39. Qb8+ Kd7 40. Qd6+ Kc8 41. Qxe6+ Rd7 42. Qe8+ Rd8 43. Qc6+ Kb8 44. Bxb6 1-0


[Site "https://www.chess.com"]

[Event "Titled Tuesday Blitz May 16 Late 2023"]
[White "SereneSalmon"]
[Black "Ibarra Jerez, Jose Carlos"]
[BlackFideId "2226332"]
[WhiteElo "2498"]
[BlackElo "2638"]
[Result "0-1"]
[Round "01"]
[TimeControl "180+2"]
[Date "2023.05.16"]
[WhiteClock "0:00:03"]
[BlackClock "0:00:06"]

1. d4 Nf6 2. c4 d6 3. Nc3 e5 4. Nf3 e4 5. Ng5 Qe7 6. f3 exf3 7. Nxf3 c6 8. Bg5 Nbd7 9. Qd2 h6 10. Bh4 g5 11. Bf2 Ng4 12. e3 Bg7 13. Bd3 Nxf2 14. Qxf2 g4 15. Nh4 Bxd4 16. Nf5 Bxc3+ 17. bxc3 Nc5 18. Bc2 Qe5 19. Nd4 Be6 20. O-O Bxc4 21. Rfd1 O-O-O 22. Bf5+ Kc7 23. Bxg4 Rde8 24. Nf5 Ne4 25. Qf4 Rhg8 26. Bf3 Nxc3 27. Rxd6 Qxf4 28. exf4 Be6 29. Rd3 Ne2+ 30. Bxe2 Bxf5 31. Rd2 Be4 32. g3 Rd8 33. Rad1 Rxd2 34. Rxd2 Rd8 35. Rb2 b5 36. Kf2 Bd5 37. Rc2 Kb6 38. Rd2 a5 39. g4 b4 40. g5 hxg5 41. fxg5 Rg8 42. h4 Kc5 43. Bf3 Bxf3 44. Kxf3 a4 45. Rd3 Kc4 46. Re3 b3 47. axb3+ axb3 48. Re4+ Kc3 49. Re3+ Kb4 50. Re2 c5 51. Kf4 c4 52. h5 c3 53. Re7 c2 54. Rc7 b2 55. Rb7+ Kc3 56. Rc7+ Kd2 57. Rd7+ Ke2 0-1


[Site "https://www.chess.com"]

[Event "Titled Tuesday Blitz May 16 Late 2023"]
[White "Sjugirov, Sanan"]
[Black "Grinev, Valeriy"]
[WhiteFideId "4189302"]
[BlackFideId "14117517"]
[WhiteElo "2569"]
[BlackElo "2366"]
[Result "0-1"]
[Round "01"]
[TimeControl "180+2"]
[Date "2023.05.16"]
[WhiteClock "0:00:00"]
[BlackClock "0:00:48"]

1. e4 c5 2. Nf3 e6 3. d3 d5 4. Qe2 Nf6 5. g3 Nc6 6. Bg2 Be7 7. O-O O-O 8. e5 Ne8 9. c4 Nc7 10. Nc3 Rb8 11. Rd1 b5 12. b3 bxc4 13. dxc4 Ba6 14. Qe1 Nb4 15. Rb1 d4 16. Ne4 Nxa2 17. Bg5 Bb7 18. Bxe7 Qxe7 19. Ra1 Bxe4 20. Rxa2 Bxf3 21. Bxf3 Rxb3 22. Be4 a6 23. Bc2 Rb4 24. Qe4 g6 25. Bd3 Rfb8 26. h4 Kg7 27. Kg2 Rb2 28. Raa1 R8b3 29. Qf4 h5 30. Be4 Re3 31. Rdb1 Ree2 32. Rxb2 Rxb2 33. Bf3 d3 34. Rd1 Qd8 35. Qe3 Qd4 36. Qxd4 cxd4 37. Rxd3 a5 38. Rxd4 Na6 39. Rd7 a4 40. Ra7 Nc5 41. Bc6 Nd3 42. Bxa4 Rxf2+ 43. Kg1 Ra2 0-1


[Site "https://www.chess.com"]

[Event "Titled Tuesday Blitz May 16 Late 2023"]
[White "Martic, Ivan"]
[Black "Tang, Andrew"]
[WhiteFideId "929301"]
[BlackFideId "2059630"]
[WhiteElo "2360"]
[BlackElo "2596"]
[Result "0-1"]
[Round "01"]
[TimeControl "180+2"]
[Date "2023.05.16"]
[WhiteClock "0:00:00"]
[BlackClock "0:00:22"]

1. e4 b5 2. d4 Bb7 3. Nd2 a6 4. Ngf3 e6 5. Bd3 c5 6. c3 d6 7. O-O Nd7 8. a4 c4 9. Bc2 Ngf6 10. Re1 e5 11. Nf1 g6 12. Ng3 Qc7 13. b3 Bg7 14. axb5 axb5 15. Rxa8+ Bxa8 16. bxc4 Qxc4 17. dxe5 dxe5 18. Ba3 Qxc3 19. Re3 Qc6 20. Bb3 Bf8 21. Ng5 Bxa3 22. Bxf7+ Ke7 23. Rxa3 b4 24. Rd3 Nc5 25. Rd2 Qb5 26. Bb3 Rc8 27. h3 h6 28. Nf3 Ncxe4 29. Nxe4 Bxe4 30. Rd6 Bf5 31. Nh4 e4 32. Nxf5+ Qxf5 33. Re6+ Qxe6 34. Bxe6 Kxe6 35. Qb3+ Nd5 36. Qg3 Rc1+ 37. Kh2 g5 38. Qg4+ Ke5 39. Qd7 Kd4 40. Qa7+ Rc5 41. Qg7+ Kc4 42. Qb2 b3 43. Qe2+ Kd4 44. Qe1 Rc2 45. Qd1+ Kc5 46. Qe1 b2 47. Qa5+ Kc4 48. Qa4+ Nb4 0-1


[Site "https://www.chess.com"]

[Event "Titled Tuesday Blitz May 16 Late 2023"]
[White "Zakhartsov, Vladimir"]
[Black "ArtemDyachuk"]
[WhiteFideId "4145097"]
[WhiteElo "2495"]
[BlackElo "2494"]
[Result "1-0"]
[Round "01"]
[TimeControl "180+2"]
[Date "2023.05.16"]
[WhiteClock "0:00:14"]
[BlackClock "0:00:02"]

1. e4 c5 2. Nf3 Nc6 3. Bb5 g6 4. Bxc6 bxc6 5. d3 Bg7 6. O-O Nf6 7. e5 Nd5 8. c4 Nc7 9. Nc3 Ne6 10. Re1 O-O 11. d4 cxd4 12. Nxd4 Qb6 13. Nxe6 fxe6 14. Qc2 Qd4 15. Re4 Qc5 16. Be3 Qa5 17. Bf4 Ba6 18. Rae1 Rf5 19. Bg3 Raf8 20. b3 d5 21. R4e2 dxc4 22. Re4 h5 23. h4 c5 24. bxc4 Bb7 25. R4e3 Qc7 26. Ne4 Bh6 27. R3e2 Kg7 28. f3 Qc6 29. Rb1 Ba6 30. Bf2 Rxe5 31. Qc3 Bf4 32. Bg3 Kh7 33. Bxf4 Ref5 34. Ng5+ Kg8 35. Rxe6 Qd7 36. Rxg6# 1-0


[Site "https://www.chess.com"]

[Event "Titled Tuesday Blitz May 16 Late 2023"]
[White "Musovic, Armin"]
[Black "Pap, Gyula"]
[WhiteFideId "939935"]
[BlackFideId "725323"]
[WhiteElo "2322"]
[BlackElo "2519"]
[Result "1-0"]
[Round "01"]
[TimeControl "180+2"]
[Date "2023.05.16"]
[WhiteClock "0:00:07"]
[BlackClock "0:00:01"]

1. a3 e5 2. d4 exd4 3. Qxd4 Nc6 4. Qa4 Nf6 5. Nc3 Be7 6. Bg5 O-O 7. O-O-O d6 8. e3 a6 9. Nf3 Ng4 10. Bxe7 Nxe7 11. Rd2 Rb8 12. h3 b5 13. Qf4 Nf6 14. Bd3 Ng6 15. Bxg6 fxg6 16. Rhd1 Qe8 17. Qd4 Bb7 18. e4 Kh8 19. Re2 Ba8 20. Qa7 b4 21. axb4 Rxb4 22. Rd4 Rb7 23. Qxa6 Qb8 24. Qa3 Ra7 25. Ra4 Rxa4 26. Qxa4 Qb6 27. e5 Bxf3 28. gxf3 dxe5 29. Qb5 Qe6 30. Qxe5 Qxh3 31. Qe7 Rg8 32. Qxc7 Qxf3 33. Qe5 Qh1+ 34. Re1 Qa8 35. Kb1 h6 36. Rg1 Qa6 37. b3 Ra8 38. Na4 Qc8 39. Qg3 Ra6 40. Qxg6 Qd7 41. Qd3 Rd6 42. Qf3 Nd5 43. Qf8+ Kh7 44. Kb2 Qe6 45. Qf3 Qe5+ 46. Kb1 Nf6 47. Qg3 Qf5 48. Qxg7# 1-0


[Site "https://www.chess.com"]

[Event "Titled Tuesday Blitz May 16 Late 2023"]
[White "Antipov, Mikhail Al."]
[Black "Ezat, Mohamed"]
[WhiteFideId "4107012"]
[BlackFideId "10600906"]
[WhiteElo "2513"]
[BlackElo "2386"]
[Result "1-0"]
[Round "01"]
[TimeControl "180+2"]
[Date "2023.05.16"]
[WhiteClock "0:01:59"]
[BlackClock "0:01:00"]

1. e4 e5 2. Nf3 Nc6 3. Nc3 Nf6 4. Bb5 Bb4 5. Nd5 Bc5 6. c3 O-O 7. O-O a6 8. Ba4 b5 9. Bc2 d6 10. d4 Ba7 11. Bg5 Bg4 12. h3 Bh5 13. g4 Bg6 14. dxe5 Nxe5 15. Nxe5 dxe5 16. Nxf6+ gxf6 17. Bh6 Qxd1 18. Rfxd1 Rfd8 19. Kf1 Bc5 20. h4 Rd6 21. h5 Rad8 22. Rxd6 Rxd6 23. hxg6 hxg6 24. Bc1 g5 25. Ke2 Kg7 26. b4 Bb6 27. a4 c5 28. axb5 axb5 29. Ba3 cxb4 30. Bxb4 Rc6 31. Ra6 Re6 32. Bb3 1-0


[Site "https://www.chess.com"]